Map: Ascension to Aiur LE

Players

Caerbannog - Winner!

  • Race: Terran Terran
  • League: Diamond
  • Spawn Location: 5:00

Yata

  • Race: Zerg Zerg
  • Spawn Location: 11:00

VOD

Have the link to the VOD?

Description

Time

  • Played on: July 7, 2017, 1:30 p.m.
  • Length: 10:45
Show
View Real Time Build Order
Export as new Build Order

Caerbannog Terran - Winner!

Build Orders: Reaper Expand, MMM Bio 

Get SALT Encoding   

  12  0:00  SCV  
  13  0:13  SCV  
  14  0:18  Supply Depot  
  14  0:25  SCV  
  15  0:39  Refinery, SCV  
  16  0:47  Barracks  
  16  0:51  SCV  
  17  1:03  SCV  
  18  1:15  SCV  
  19  1:37  Reaper  
  20  1:40  Command Center  
  20  1:45  Orbital Command  
  20  1:57  Barracks  
  20  2:11  SCV  
  21  2:17  Refinery  
  21  2:18  Marine  
  22  2:28  Bunker  
  22  2:34  Factory  
  22  2:38  SCV  
  22  2:42  Barracks Reactor  
  23  2:52  SCV  
  24  3:09  Orbital Command  
  24  3:19  Marine x2  
  26  3:21  Barracks  
  26  3:23  Barracks Tech Lab  
  26  3:28  Supply Depot  
  26  4:04  SCV x2  
  26  4:06  Barracks Reactor, Starport  
  32  4:16  Supply Depot  
  32  4:18  Armory  
  27  4:26  SCV x2  
  27  4:30  Barracks  
  29  4:34  Barracks Tech Lab, Factory Tech Lab  
  29  4:36  Stimpack  
  29  4:37  Marine  
  30  4:39  SCV x2  
  30  4:41  Supply Depot  
  32  4:52  Marine x2  
  34  4:54  Starport Reactor  
  34  4:55  Marine, Siege Tank  
  34  4:59  SCV x2  
  40  5:04  Refinery  
  40  5:05  Refinery  
  40  5:10  Supply Depot  
  40  5:11  SCV  
  40  5:12  SCV  
  42  5:16  Engineering Bay  
  46  5:21  Marauder x2  
  46  5:25  Marine x2  
  46  5:26  Marine  
  46  5:28  Marine  
  50  5:42  Engineering Bay  
  50  5:43  Medivac x2  
  54  5:54  SCV x2  
  56  6:04  Marine x2  
  56  6:05  Marine, Marauder  
  56  6:06  SCV, Marine, Marauder  
  56  6:07  SCV  
  66  6:11  Combat Shields  
  66  6:19  SCV x2  
  66  6:20  Terran Infantry Weapons Level 1  
  66  6:21  Terran Infantry Armor Level 1  
  68  6:27  Supply Depot  
  67  6:39  SCV  
  69  6:40  SCV  
  69  6:42  Marine  
  70  6:48  Siege Tank, Marine x3  
  70  6:49  Marauder  
  70  6:53  Terran Vehicle Weapons Level 1  
  78  6:55  Supply Depot  
  78  7:00  Supply Depot  
  78  7:05  Liberator  
  78  7:10  Liberator, Concussive Shells  
  78  7:17  SCV x2, Marine x3, Marauder  
  78  7:22  Marauder  
  90  7:29  SCV  
  94  7:36  Supply Depot  
  94  7:39  Supply Depot  
  94  7:57  SCV  
  85  8:33  Marine x3, Marauder  
  85  8:34  Marauder  
  89  8:42  Marine  
  89  8:48  Liberator x2  
  90  8:50  Marine  
  90  8:51  Marine  
  90  8:55  Marauder x2  
  96  9:00  Siege Tank, Command Center  
  96  9:01  Marine  
  96  9:02  Marine  
  107  9:10  Marine x2  
  109  9:19  Marine  
  109  9:23  Supply Depot  
  110  9:45  Marauder x2  
  104  9:58  Marine x2  
  104  10:07  Marauder x2  
  108  10:08  Marine x2  
  108  10:10  Siege Tank  
  112  10:16  Marine  
Show
View Real Time Build Order
Export as new Build Order

Yata Zerg 

Build Orders: Hatch First 

Get SALT Encoding   

  12  0:01  Drone  
  13  0:12  Overlord  
  13  0:18  Drone  
  14  0:31  Drone x2  
  14  0:34  Drone  
  17  0:56  Hatchery  
  16  1:02  Drone  
  17  1:04  Drone  
  17  1:09  Extractor  
  17  1:10  Drone  
  18  1:17  Drone  
  19  1:28  Spawning Pool  
  18  1:37  Drone  
  19  1:48  Drone  
  19  1:50  Overlord  
  20  2:11  Drone x2  
  20  2:15  Metabolic Boost, Queen  
  24  2:19  Queen  
  26  2:23  Zergling x2  
  26  2:24  Zergling x2  
  26  2:28  Drone  
  29  2:36  Drone x2  
  31  2:40  Drone  
  32  2:47  Roach Warren  
  31  3:07  Drone x2  
  31  3:08  Drone x2  
  35  3:16  Overlord, Drone  
  36  3:38  Overlord x3  
  36  3:54  Hatchery  
  35  3:58  Queen  
  35  4:00  Lair  
  37  4:11  Roach  
  37  4:12  Roach x6  
  51  4:25  Drone x5  
  56  4:41  Overlord x2  
  56  4:48  Roach x2  
  60  5:20  Roach  
  60  5:21  Roach x6  
  74  5:43  Drone x7  
  74  5:44  Drone  
  82  5:51  Overlord x2  
  82  5:52  Overlord x3  
  80  6:23  Drone x8  
  80  6:24  Drone x2  
  80  6:38  Roach x8  
  92  6:47  Evolution Chamber  
  92  6:50  Evolution Chamber  
  90  6:57  Extractor x2  
  88  7:17  Ravager  
  89  7:28  Queen  
  91  7:33  Zerg Missile Weapons Level 1  
  91  7:40  Zergling x16  
  91  7:41  Zergling x22  
  110  7:55  Roach  
  110  7:56  Roach x3  
  102  8:17  Zerg Melee Weapons Level 1  
  73  8:28  Spore Crawler  
  73  8:29  Spore Crawler  
  73  8:33  Spore Crawler  
  61  8:35  Roach x12  
  85  8:47  Hydralisk Den  
  84  8:51  Extractor  
  83  9:16  Hydralisk  
  83  9:17  Hydralisk x4  
  93  9:30  Extractor  
  93  9:31  Extractor  
  71  9:59  Hatchery  
  53  10:03  Roach x7  
  53  10:04  Roach x5  
  73  10:18  Drone x6  
Tags
 
Composition
MMM Bio
League
Diamond
Matchup
TvZ
Replay Pack
Pack 1
Spawn Locations
Cross Positions
Add a new tag
Caveats
  • Supply blocks, unpowered buildings, or Contaminate may cause inaccurate times.
  • Supply counts are checked every 10 seconds.